AoeStats
← Bambamdumm

MegaRandom

506865136Analyzed
1v1 RM · 18d ago on Sep 15, 2026· 12m 25s· 2 players
Game mode
Random Map
Map size
Tiny (2 player)
Population
200
Speed
Normal
Resources
Standard
Victory
Conquest
Starting age
Dark Age
Ending age
Imperial Age
RankedLock teamsTeams togetherTeam positionsShared explorationLock speedFull tech treeHidden civsTurbo modeCheats
Victory
Defeat
🇨🇭 Bohemians · Switzerland
1326
+14
🇩🇪 Khmer · Germany
1290
-14
Bambamdumm
6:56 Feudal Age
5:33 Loom
7:18 Feudal Age
13:28 Castle Age
Koslow
7:11 Feudal Age
11:35 Castle Age
10:10 Loom
11:28 Wheelbarrow
11:00 Scale Barding Armor
12:21 Wheelbarrow
Connection lost

Rejoining the realm…

Still unreachable

The connection could not be restored.

Session expired

The server has moved on; the page needs a fresh start.